 Dungeon Crawl Stone Soup version 0.16-a0-4020-g6ff35b5 (webtiles) character file.

221 Chiseanne the Skirmisher (level 5, -4/55 HPs)
             Began as an Ogre Warper on Feb 17, 2015.
             Slain by an orc
             ... wielding a +0 trident
              (9 damage)
             ... on level 3 of the Dungeon.
             The game lasted 00:09:58 (3539 turns).

Chiseanne the Skirmisher (Ogre Warper)              Turns: 3539, Time: 00:09:58

Health: -4/55      AC:  4    Str: 16    XL:     5   Next: 98%
Magic:  11/11      EV: 10    Int: 12    God:
Gold:   82         SH:  0    Dex: 10    Spells: 3 memorised, 5 levels left

rFire  . . .     SeeInvis .     a - +1 dagger (drain)
rCold  . . .     Clarity  .     b - +1 robe
rNeg   . . .     SustAb   .     (shield restricted)
rPois  .         Gourm    .     (helmet restricted)
rElec  .         Spirit   .     (no cloak)
rCorr  .         Warding  .     (gloves unavailable)
rMut   .         Stasis   .     (boots unavailable)
MR     +....                    (no amulet)
Stlth  ++........               n - ring of stealth
                                l - ring of protection from magic

@: about to teleport, somewhat resistant to hostile enchantments, unstealthy
A: unfitting armour, tough skin 1
a: no special abilities


You were on level 3 of the Dungeon.
You were hungry.

You visited 1 branch of the dungeon, and saw 3 of its levels.

You collected 82 gold pieces.

Inventory:

Hand weapons
 a - a +1 dagger of draining (weapon)
Missiles
 e - 5 tomahawks of dispersal (quivered)
Armour
 b - a +1 robe (worn)
Jewellery
 l - a ring of protection from magic (left hand)
 n - a ring of stealth (right hand)
Scrolls
 d - 2 scrolls of blinking
 h - a scroll of recharging
 i - 2 scrolls of identify
 r - a scroll of remove curse
Potions
 g - 3 potions of curing
 j - 2 potions of poison {unknown}
 k - a potion of magic
 m - a potion of might
 q - a potion of mutation
 s - 2 potions of cancellation
 t - a potion of heal wounds
 w - a potion of agility {unknown}
Books
 c - a book of Spatial Translocations

   Spells                             Type                      Level
   a - Apportation                    Translocation                1
   b - Blink                          Translocation                2
   c - Shroud of Golubria             Charms/Translocation         2
   d - Portal Projectile              Translocation                3
   e - Teleport Other                 Translocation                3
   f - Passage of Golubria            Translocation                4
Comestibles
 f - 2 meat rations
 o - a royal jelly


   Skills:
 * Level 4.5 Fighting
   Level 2.6 Maces & Flails
 * Level 2.0 Throwing
 - Level 0.7 Armour
 * Level 3.7 Dodging
 * Level 3.0 Spellcasting
 * Level 2.7 Translocations


You had 5 spell levels left.
You knew the following spells:

 Your Spells              Type           Power        Failure   Level  Hunger
a - Apportation           Tloc           #.........   10%         1    #......
b - Blink                 Tloc           N/A          12%         2    ###....
c - Shroud of Golubria    Chrm/Tloc      #.........   21%         2    ###....


Dungeon Overview and Level Annotations

Branches:
Dungeon (3/15)

Altars:
Gozag

Annotations:
D:3 hornqvist's ghost, average HOFi


Innate Abilities, Weirdness & Mutations

You are too large for most types of armour.
You have tough skin (AC +1).


Message History

The orc closely misses you. The worm closely misses you.
Hornqvist's ghost (average Hill Orc Fighter) comes into view.
Hornqvist's ghost turns its malevolent gaze towards you.
You hit the worm. You drain the worm!
The worm is severely wounded.
The orc closely misses you.
You hit the worm.
The worm is severely wounded.
The orc misses you. The worm bites you but does no damage.
You hit the worm. You drain the worm!
The worm is severely wounded.
The orc hits you from afar with a trident!
* * * LOW HITPOINT WARNING * * *
The worm misses you.
Read which item? (? for menu, Esc to quit)
As you read the scroll of teleportation, it crumbles to dust.
You feel strangely unstable. Hornqvist's ghost hits you!
* * * LOW HITPOINT WARNING * * *
The orc hits you from afar with a trident!
You die...

...####(#.#######
#.....#.#.#
#.##..$^$.#
.....#$_$.#
#.#.##..$$$.#
........Kw...#
...####o##### #w#
#@# #W# #.# #.#
#.. ###


You could see 2 worms, hornqvist's ghost, an orc and a kobold.

Vanquished Creatures
  Sigmund (D:3)
  An orc wizard (D:3)
  Terence (D:3)
  4 adders
  2 worms
  An ooze (D:1)
  5 orcs (D:3)
  A bat (D:2)
  4 giant cockroaches
  10 hobgoblins
  2 quokkas (D:3)
  A ball python (D:3)
  3 giant geckos
  10 giant newts
  5 goblins
  10 kobolds
  6 rats
67 creatures vanquished.

Notes
Turn   | Place    | Note
--------------------------------------------------------------
     0 | D:1      | Chiseanne, the Ogre Warper, began the quest for the Orb.
     0 | D:1      | Reached XP level 1. HP: 22/22 MP: 3/3
   341 | D:1      | Reached XP level 2. HP: 27/29 MP: 5/5
   543 | D:1      | Reached skill level 3 in Fighting
  1417 | D:2      | Reached XP level 3. HP: 34/37 MP: 6/6
  2532 | D:2      | Reached XP level 4. HP: 48/48 MP: 8/8
  2621 | D:3      | Noticed Terence
  2632 | D:3      | Killed Terence
  3057 | D:3      | Learned a level 2 spell: Blink
  3060 | D:3      | Learned a level 2 spell: Shroud of Golubria
  3148 | D:3      | Noticed Sigmund
  3167 | D:3      | Killed Sigmund
  3167 | D:3      | Reached skill level 4 in Fighting
  3167 | D:3      | Reached XP level 5. HP: 31/54 MP: 9/11
  3344 | D:3      | Found an opulent altar of Gozag.
  3536 | D:3      | Noticed hornqvist's ghost (average HOFi)
  3539 | D:3      | Slain by an orc

Action                   |  1- 3 |  4- 6 || total
-------------------------+-------+-------++-------
Melee: Mace              |    73 |       ||    73
       Dagger            |    84 |   130 ||   214
  Use: Scroll            |     6 |     6 ||    12
 Stab: Sleeping          |       |     1 ||     1
  Eat: Chunk             |     5 |     3 ||     8
